 Dungeon Crawl Stone Soup version 0.19.1-1-g22dce08 (webtiles) character file.

9431 Haldmier the Martial Artist (level 11, 0/56 HPs)
             Began as a Vine Stalker Transmuter on Dec 30, 2016.
             Was a Priest of Makhleb.
             Slain by a spiny frog (14 damage)
             ... on level 1 of the Lair of Beasts.
             The game lasted 01:12:28 (11026 turns).

Haldmier the Martial Artist (VSTm)                 Turns: 11026, Time: 01:12:28

Health: 0/56       AC: 10    Str: 13    XL:     11   Next: 46%
Magic:  0/18       EV: 14    Int: 21    God:    Makhleb [***...]
Gold:   635        SH:  3    Dex: 15    Spells: 5 memorised, 3 levels left

rFire  . . .     SeeInvis .       - Unarmed
rCold  . . .     Gourm    .     V - +0 troll leather armour
rNeg   . . .     Faith    .     (no shield)
rPois  .         Spirit   +     (no helmet)
rElec  .         Reflect  +     k - +1 cloak
rCorr  .         Harm     .     r - +0 pair of gloves
MR     +....                    E - +0 pair of boots
Stlth  +++.......               A - +3 amulet of reflection
                                C - +5 ring of intelligence
                                I - +2 ring of protection

@: no status effects
A: fangs 3, regeneration 1, magic shield, antimagic bite, no device heal 3, rot
immunity
a: Minor Destruction, Lesser Servant of Makhleb, Renounce Religion


You were on level 1 of the Lair of Beasts.
You worshipped Makhleb.
Makhleb was most pleased with you.
You were very hungry.

You visited 3 branches of the dungeon, and saw 11 of its levels.
You also visited: Ossuary.

You collected 635 gold pieces.

Inventory:

Hand Weapons
 n - a +0 blowgun
Missiles
 a - 46 arrows
 t - 9 tomahawks
 U - 9 javelins (quivered)
 X - 8 curare-tipped needles
 Y - 9 poisoned needles
Armour
 k - a +1 cloak (worn)
 r - a +0 pair of gloves (worn)
 s - a +1 robe of magic resistance
 y - a +0 buckler
 E - a +0 pair of boots (worn)
 V - a +0 troll leather armour (worn)
Rods
 b - a +0 rod of shadows (12/12)
   (You found it on level 4 of the Dungeon)
Jewellery
 A - a +3 amulet of reflection (around neck)
 C - a +5 ring of intelligence (right hand)
 I - a +2 ring of protection (left hand)
Wands
 e - a wand of paralysis (13/24)
 m - a wand of flame (8/48)
 z - a wand of polymorph (10/24)
 K - a wand of lightning (3/15)
 L - a wand of slowing (28/48)
 O - a wand of iceblast (6/15)
Scrolls
 f - a scroll of fog
 h - 4 scrolls of remove curse
 M - a scroll of teleportation
 S - a scroll of magic mapping
Potions
 g - 2 potions of magic
 i - a potion of haste
 l - 11 potions of curing
 q - 2 potions of cancellation
 u - 2 potions of resistance
 w - a potion of berserk rage
 H - 2 potions of agility
 J - a potion of lignification
 T - 2 potions of might
 Z - a potion of cure mutation {unknown}
Books
 c - a book of Changes

   Spells                             Type                      Level
   a - Beastly Appendage              Transmutation                1
   b - Sticks to Snakes               Transmutation                2
   c - Spider Form                    Transmutation/Poison         3
   d - Ice Form                       Ice/Transmutation            4
   e - Blade Hands                    Transmutation                5
 G - a book of Flames

   Spells                             Type                      Level
   a - Flame Tongue                   Conjuration/Fire             1
   b - Throw Flame                    Conjuration/Fire             2
   c - Conjure Flame                  Conjuration/Fire             3
   d - Inner Flame                    Hexes/Fire                   3
   e - Sticky Flame                   Conjuration/Fire             4
   f - Fireball                       Conjuration/Fire             5
Comestibles
 d - 2 bread rations
 j - 5 meat rations
 p - 2 beef jerkies


   Skills:
 + Level 6.2 Fighting
 + Level 4.5 Dodging
 - Level 4.5 Stealth
 * Level 10.5 Unarmed Combat
 - Level 4.1 Spellcasting
 * Level 9.6 Transmutations
 + Level 2.2 Ice Magic
 - Level 3.0 Poison Magic
 + Level 1.1 Invocations
 + Level 1.4 Evocations


You had 3 spell levels left.
You knew the following spells:

 Your Spells              Type           Power        Failure   Level  Hunger
a - Beastly Appendage     Tmut           #####.       1%          1    None
b - Sticks to Snakes      Tmut           #####...     1%          2    #......
c - Spider Form           Tmut/Pois      ####......   4%          3    ###....
d - Ice Form              Ice/Tmut       ####....     17%         4    ####...
e - Blade Hands           Tmut           #####.....   10%         5    ######.


Dungeon Overview and Level Annotations

Branches:
Dungeon (9/15)             Temple (1/1) D:6            Lair (1/6) D:8
    Orc: D:9-12

Altars:
Ashenzari
Cheibriados
Dithmenos
Elyvilon
Fedhas
Gozag
Hepliaklqana
Kikubaaqudgha
Makhleb
Nemelex Xobeh
Okawaru
Qazlal
Ru
Sif Muna
Trog
Uskayaw
Vehumet
Xom
Yredelemnul
Zin
The Shining One

Shops:
D:6 [   D:8 *

Annotations:
D:8 KingCrawl's ghost, novice DsBe


Innate Abilities, Weirdness & Mutations

You have razor-sharp teeth.
Your natural rate of healing is unusually fast.
When hurt, damage is shared between your health and your magic reserves.
Your bite disrupts and absorbs the magic of your enemies.
Potions and wands cannot restore your health.
You are immune to rotting.


Message History

You kill the wolf!
Makhleb accepts your kill.
You take 2 damage, and have 18/56 hp.
Your transformation has ended.
Your +1 cloak unmelds from your body.
Your +0 pair of gloves unmelds from your body.
Your +0 pair of boots unmelds from your body.
Your +0 troll leather armour unmelds from your body.
You feel very sick. The spiny frog misses you. The spiny frog stings you!
* * * LOW HITPOINT WARNING * * *
You take 6 damage, and have 12/56 hp.
You now have 5/18 mp.
Your system rejects the healing.
You feel better. You block the spiny frog's attack.
Casting: Spider Form
Confirm with . or Enter, or press ? or * to list all spells.
You create 2 snakes!
You now have 46 arrows.
You are feeling very hungry.
The spiny frog stings you!
You die...

## ### ### ##### P.
###.####.####.##.
#.###................
#....#....(.)........
#...........=".....
##......<[...?......
#..@.........!......
##F##...............
#SS###.....P##....##
##.................#
..#######.................#
>.........................#
.........##...###..##...##
#.#.#...##....######...# ..
#..............# ##...#


You could see a spiny frog, a friendly adder and a friendly ball python.

Vanquished Creatures
  Joseph (D:7)
  A spiny frog (Lair:1)
  A komodo dragon (D:8)
  2 trolls
  Grinder (D:4)
  2 slime creatures (D:8)
  Prince Ribbit (D:7)
  2 hippogriffs
  6 yaks (D:8)
  A basilisk (Lair:1)
  3 water moccasins (Lair:1)
  3 orc warriors
  3 sky beasts
  2 ice beasts
  A black bear (D:7)
  A phantom (D:6)
  7 wolves
  2 centaurs (D:8)
  5 ogres
  2 crocodiles
  Blork the orc (D:4)
  6 bullfrogs
  2 big kobolds
  A gnoll sergeant (D:7)
  A wyvern skeleton (D:6)
  3 scorpions
  4 killer bees
  A water moccasin skeleton (D:6)
  4 howler monkeys
  4 crimson imps
  A bullfrog zombie (D:7)
  A lava snake (Lair:1)
  3 hounds
  2 jellies (D:6)
  A quasit (D:7)
  2 bullfrog skeletons (D:6)
  6 orc priests
  A centaur skeleton (D:5)
  6 orc wizards
  Crazy Yiuf (D:3)
  Ijyb (D:2)
  2 iguanas
  4 worker ants
  7 mummies (Ossuary)
  14 gnolls
  4 adders
  3 shadow imps
  An ooze (D:4)
  An adder zombie (D:3)
  5 worms
  3 dart slugs
  9 leopard geckos
  27 orcs
  A ball python (D:1)
  6 giant cockroaches
  3 gnoll zombies (Ossuary)
  12 goblins
  7 hobgoblins
  8 jackals
  2 quokkas
  5 bats
  4 frilled lizards
  A hobgoblin zombie (Ossuary)
  23 kobolds
  A kobold zombie (Ossuary)
  A leopard gecko skeleton (D:6)
  2 orc zombies (Ossuary)
  7 rats
262 creatures vanquished.

Vanquished Creatures (collateral kills)
  2 spiny frogs (Lair:1)
  2 slime creatures (D:8)
  A hungry ghost (D:8)
  2 porcupines (Lair:1)
  A big kobold (D:9)
  A mummy (Ossuary)
  A leopard gecko (D:8)
  A hobgoblin zombie (Ossuary)
11 creatures vanquished.

Vanquished Creatures (others)
  A plant (D:8)
1 creature vanquished.

Grand Total: 274 creatures vanquished

Notes
Turn   | Place    | Note
-------+----------+-------------------------------------------
     0 | D:1      | Haldmier the Vine Stalker Transmuter began the quest for the Orb.
     0 | D:1      | Reached XP level 1. HP: 9/9 MP: 4/4
    71 | D:1      | Reached skill level 1 in Fighting
   170 | D:1      | Reached XP level 2. HP: 5/14 MP: 3/6
   688 | D:1      | Reached XP level 3. HP: 14/18 MP: 3/7
  1086 | D:2      | Learned a level 2 spell: Sticks to Snakes
  1090 | D:2      | Learned a level 3 spell: Spider Form
  1323 | D:2      | Reached skill level 4 in Unarmed Combat
  1412 | D:2      | Gained mutation: Your natural rate of healing is unusually fast. [Vine Stalker growth]
  1412 | D:2      | Reached XP level 4. HP: 20/23 MP: 6/8
  1818 | D:2      | Noticed Ijyb
  1830 | D:2      | Killed Ijyb
  1830 | D:2      | Reached skill level 1 in Poison Magic
  2083 | D:2      | Reached XP level 5. HP: 26/26 MP: 7/9
  2137 | D:3      | Found a hazy altar of Hepliaklqana.
  2576 | D:3      | Found a runed door.
  2588 | D:3      | Noticed Crazy Yiuf
  2598 | D:3      | Killed Crazy Yiuf
  2598 | D:3      | Reached skill level 1 in Stealth
  2742 | D:4      | Reached XP level 6. HP: 32/32 MP: 10/10
  2966 | D:4      | Found a sand-covered staircase.
  2972 | D:4      | Noticed Grinder
  2975 | Ossuary  | Entered an ossuary
  3174 | Ossuary  | Reached skill level 5 in Unarmed Combat
  3812 | D:4      | Noticed Blork the orc
  3832 | D:4      | Killed Blork the orc
  3832 | D:4      | Reached XP level 7. HP: 27/35 MP: 3/11
  3869 | D:4      | Paralysed by Grinder for 3 turns
  3888 | D:4      | Killed Grinder
  4120 | D:4      | Identified a +0 rod of shadows (12/12) (You found it on level 4 of the Dungeon)
  4174 | D:5      | Entered Level 5 of the Dungeon
  4930 | D:5      | Reached skill level 6 in Unarmed Combat
  4930 | D:5      | Gained mutation: You have razor-sharp teeth. [Vine Stalker growth]
  4930 | D:5      | Reached XP level 8. HP: 36/40 MP: 8/12
  4952 | D:5      | Got a spiked ring mail
  4997 | D:5      | Identified the cursed +1 ring mail of Becza {rF+} (You found it on level 5 of the Dungeon)
  5526 | D:6      | Reached skill level 5 in Transmutations
  5672 | D:6      | Reached skill level 7 in Unarmed Combat
  5776 | D:6      | Found a staircase to the Ecumenical Temple.
  5780 | Temple   | Entered the Ecumenical Temple
  6168 | D:6      | Found Josol's Armour Shop.
  6263 | D:6      | Found a burning altar of Makhleb.
  6263 | D:6      | Found a glowing silver altar of Zin.
  6264 | D:6      | Noticed an angel
  6264 | D:6      | Noticed a balrug
  6272 | D:6      | Reached XP level 9. HP: 40/45 MP: 10/13
  6277 | D:6      | Became a worshipper of Makhleb the Destroyer
  6289 | D:6      | Found an opulent altar of Gozag.
  6378 | D:7      | Noticed Joseph
  6494 | D:7      | Noticed Prince Ribbit
  6495 | D:7      | Found a basalt altar of Yredelemnul.
  6546 | D:7      | Killed Prince Ribbit
  6831 | D:6      | Reached skill level 8 in Unarmed Combat
  6976 | D:7      | Killed Joseph
  7083 | D:8      | Noticed a troll
  7158 | D:8      | Reached * piety under Makhleb
  7178 | D:8      | Found Gammoebb's Elemental Accessories.
  7194 | D:7      | Reached skill level 5 in Fighting
  7333 | D:7      | Reached XP level 10. HP: 32/51 MP: 8/16
  7690 | D:8      | Noticed KingCrawl's ghost (novice DsBe)
  7945 | D:8      | Found a shattered altar of Ashenzari.
  8207 | D:7      | Reached skill level 9 in Unarmed Combat
  8305 | D:8      | Found a staircase to the Lair.
  8539 | D:8      | Learned a level 4 spell: Ice Form
  8545 | D:8      | Learned a level 5 spell: Blade Hands
  8812 | Lair:1   | Entered Level 1 of the Lair of Beasts
  8967 | D:8      | Reached ** piety under Makhleb
  9247 | D:9      | Got a jewelled leather armour
  9278 | D:9      | Identified the cursed +1 leather armour "Buneoxog" {Int+6} (You found it on level 9 of the Dungeon)
  9513 | D:9      | Reached XP level 11. HP: 54/56 MP: 12/18
  9622 | D:9      | Reached skill level 10 in Unarmed Combat
  9622 | D:9      | Reached skill level 1 in Ice Magic
  9863 | D:9      | Reached *** piety under Makhleb
 10092 | D:9      | Found a blossoming altar of Fedhas.
 10096 | D:9      | Got a dazzling leather armour
 10107 | D:9      | Identified the +3 leather armour "Bejeamu" {Dex+3 Stlth+} (You found it on level 9 of the Dungeon)
 10117 | D:9      | Found an ancient bone altar of Kikubaaqudgha.
 10770 | Lair:1   | Reached skill level 1 in Evocations
 10913 | Lair:1   | Reached skill level 1 in Invocations
 11026 | Lair:1   | Slain by a spiny frog

Skill      XL: |  1  2  3  4  5  6  7  8  9 10 11 |
---------------+----------------------------------+-----
Fighting       | 1 2 3 4 5 6 |  6.2
Unarmed Combat | 4 5 6 7 8 9 10 | 10.5
Poison Magic   | 1 2 3 |  3.0
Stealth        | 1 2 3 4 |  4.5
Transmutations | 3 4 5 7 9 |  9.6
Dodging        | 2 4 |  4.5
Spellcasting   | 3 4 |  4.1
Ice Magic      | 2 |  2.2
Evocations     | 1 |  1.4
Invocations    | 1 |  1.1

Action                   |  1- 3 |  4- 6 |  7- 9 | 10-12 || total
-------------------------+-------+-------+-------+-------++-------
Melee: Dagger            |    85 |   126 |       |       ||   211
       Bite              |    21 |    47 |    62 |    51 ||   181
       Unarmed           |     3 |    99 |   300 |   397 ||   799
       Headbutt          |    10 |       |    19 |    33 ||    62
       Kick              |    15 |    54 |    31 |       ||   100
       Punch             |       |     2 |     8 |     7 ||    17
Throw: Javelin           |       |       |       |     3 ||     3
 Cast: Beastly Appendage |    22 |    40 |    38 |    35 ||   135
       Spider Form       |       |     3 |    12 |    23 ||    38
       Sticks to Snakes  |       |    10 |     4 |    15 ||    29
 Abil: Evoke Berserk Rag |       |       |     1 |       ||     1
       End Transformatio |       |       |       |     1 ||     1
Evoke: Rod               |       |       |       |     2 ||     2
  Use: Scroll            |       |    14 |     8 |     4 ||    26
       Potion            |       |       |       |     1 ||     1
 Stab: Sleeping          |       |     3 |     7 |     2 ||    12
       Distracted        |       |     1 |       |     2 ||     3
  Eat: Chunk             |     2 |     8 |    13 |    15 ||    38
       Royal jelly       |       |     1 |       |       ||     1
       Beef jerky        |       |       |     1 |       ||     1
Armor: Robe              |    12 |    32 |    67 |    17 ||   128
       Skin              |       |       |    10 |    16 ||    26
       Troll leather arm |       |       |       |    29 ||    29
Dodge: Dodged            |    52 |   110 |   173 |   324 ||   659
Block: Other             |       |       |       |    34 ||    34
       Reflection        |       |       |       |     3 ||     3
